 Dungeon Crawl Stone Soup version 0.30.1-9-gdf580d7c3d (webtiles) character file.

Game seed: 10824224684647859190

8541 H0rd4k the Thaumaturge (level 11, -7/78 HPs)
             Began as an Octopode Artificer on Sept 28, 2023.
             Was an Initiate of Gozag.
             Killed from afar by a lightning spire (9 damage)
             ... with a bolt of electricity
             ... in a Gauntlet.
             The game lasted 00:29:34 (13108 turns).

H0rd4k the Thaumaturge (Octopode Artificer)        Turns: 13108, Time: 00:29:35

Health: -7/78      AC:  3    Str: 18    XL:     11   Next: 32%
Magic:  23/23      EV: 14    Int: 17    God:    Gozag
Gold:   833        SH:  5    Dex: 13    Spells: 20/27 levels left

rFire   . .          .
                       - Unarmed
rCold   + . .        (no shield)
rNeg    + . .        g - +2 hat
rPois   .            q - amulet of reflection
rElec   .            z - ring of positive energy
rCorr   +            B - ring of resist corrosion
SInv    +            k - +6 ring of strength
Will    .....        L - ring of see invisible
Stlth   +++          J - ring of protection from cold
HPRegen 0.33/turn    (no ring)
MPRegen 0.18/turn    (no ring)
                     (no ring)

%: no teleportation, reflection
@: studying Ice Magic
A: almost no armour, amphibious, 8 rings, camouflage 1, gelatinous body 1,
(nimble swimmer 1), tentacles
a: Renounce Religion, Potion Petition, Call Merchant, Bribe Branch


You were in a Gauntlet.
You worshipped Gozag.
Gozag was pleased with you.
You visited 3 branches of the dungeon, and saw 13 of its levels.
You also visited: Ossuary and Gauntlet.

You collected 1526 gold pieces.
You paid 693 gold pieces to Gozag.

Inventory:

Hand Weapons
 j - a +4 dagger
Missiles
 d - a curare-tipped dart
 e - 28 poisoned darts (quivered)
 K - a throwing net
Armour
 g - a +2 hat (worn)
Magical Staves
 E - a staff of fire
Jewellery
 k - a +6 ring of strength (on tentacle)
 q - an amulet of reflection (around mantle)
 z - a ring of positive energy (left tentacle)
 B - a ring of resist corrosion (right tentacle)
 J - a ring of protection from cold (on tentacle)
 L - a ring of see invisible (on tentacle)
Scrolls
 c - a scroll of fog {unknown}
 h - 4 scrolls of magic mapping
 i - 4 scrolls of enchant armour
 l - a scroll of amnesia {unknown}
 n - 4 scrolls of teleportation
 o - 5 scrolls of immolation
 p - a scroll of vulnerability {unknown}
 s - 2 scrolls of blinking
 u - a scroll of poison
 y - a scroll of enchant weapon {unknown}
 F - a scroll of summoning {unknown}
 I - 3 scrolls of noise {unknown}
Potions
 a - 2 potions of might
 b - a potion of mutation {unknown}
 f - a potion of resistance
 r - 5 potions of curing
 t - 2 potions of ambrosia {unknown}
 v - 4 potions of lignification {unknown}
 w - 3 potions of flight {unknown}
 x - a potion of invisibility {unknown}
 A - 3 potions of heal wounds {unknown}
 C - 2 potions of attraction {unknown}
 D - 4 potions of berserk rage {unknown}
 G - 2 potions of degeneration {unknown}
 H - 2 potions of haste {unknown}
 N - 2 potions of magic {unknown}


   Skills:
 + Level 8.4 Fighting
 + Level 2.4 Throwing
 - Level 4.8 Dodging
 - Level 1.3 Stealth
 - Level 1.7 Shields
 - Level 8.3 Unarmed Combat
 * Level 8.5 Spellcasting
 + Level 6.1 Ice Magic
 - Level 6.4 Evocations


You had 20 spell levels left.
You knew the following spells:

 Your Spells              Type           Power      Damage    Failure   Level
a - Freeze                Ice            100%       1d10      1%          1
b - Gell's Gravitas       Tloc           7%         N/A       30%         3
c - Frozen Ramparts       Ice            56%        1d9       2%          3

Your spell library contained the following spells:

 Spells                   Type           Power      Damage    Failure   Level
 Hailstorm                Conj/Ice       17%        3d6       9%          3
 Portal Projectile        Hex/Tloc       14%        N/A       30%         3
 Teleport Other           Tloc           7%         N/A       30%         3
 Tukima's Dance           Hex            7%         N/A       30%         3
 Passage of Golubria      Tloc           7%         N/A       69%         4
 Alistair's Intoxication  Tmut/Pois      4%         N/A       95%         5
 Blade Hands              Tmut           3%         N/A       95%         5
 Borgnjor's Vile Clutch   Necr/Erth      3%         N/A       95%         5
 Irradiate                Conj/Tmut      3%         3d12      95%         5
 Yara's Violent Unravell  Hex/Tmut       3%         3d4       95%         5
 Dispersal                Tloc           3%         N/A       100%        6
 Eringya's Noxious Bog    Tmut/Pois      3%         N/A       100%        6
 Dragon Form              Tmut           3%         N/A       100%        7


Dungeon Overview and Level Annotations

Branches:
Dungeon (11/15)            Temple (1/1) D:4            Lair (1/5) D:11
    Orc (0/2) D:11        Ossuary (visited)         Gauntlet (1/1)

Altars:
Ashenzari
Cheibriados
Dithmenos
Elyvilon
Fedhas
Gozag
Hepliaklqana
Kikubaaqudgha
Makhleb
Nemelex Xobeh
Okawaru
Qazlal
Ru
Sif Muna
Trog
Uskayaw
Vehumet
Wu Jian
Xom
Yredelemnul
Zin
The Shining One

Shops:
D:11 =

Annotations:
D:3 1 runed translucent door, exclusion: door, Kelnin's ghost, amateur HOHu
D:7 1 runed translucent door, exclusion: door, Crazy Yiuf
D:8 exclusion: downstairs
D:10 exclusions: 2 killer bees and 1 more exclusion
D:11 exclusions: boulder beetle and centaur, Snorg Gauntlet 11 transporters, exclusion: 2 lightning spires


Innate Abilities, Weirdness & Mutations

You cannot wear most types of armour.
You are amphibious.
You can wear up to eight rings at the same time.
Your skin changes colour to match your surroundings (Stealth+).
Your rubbery body absorbs attacks. (AC +1, EV +1)
((You are camouflaged when in or above water. (Stealth+)))
You have tentacles for arms and can constrict up to eight enemies at once.


Message History

The iron imp shouts, "Return whence thou came, thou fawning bat-fowling puttock!"
The steam dragon hisses angrily.
You hear a bark!
The raiju barks!
The iron imp disappears for a moment.
There is a transporter here.
The raiju barks!
The raiju pauses to sniff the ground.
The iron imp shouts, "Accept thy fall, thou erky guts-griping brigand!"
There is a transporter here.
You aren't carrying any items that you can evoke.
Unknown command.
You enter the transporter and appear at another place.
The raiju barks!
You tentacle-slap the raiju. Your grab misses the raiju.
Your squeeze misses the raiju.
The raiju is lightly wounded.
You closely miss the raiju. You grab the raiju.
The raiju is lightly wounded.
You constrict the raiju. The raiju bites you! The raiju shocks you!
You bludgeon the raiju!
You squeeze the raiju, but do no damage.
The raiju is moderately wounded.
You constrict the raiju. The raiju bites you. The raiju shocks you!
The lightning spire shoots out a bolt of lightning at you!
The bolt of electricity hits you!
You tentacle-slap the raiju. You squeeze the raiju!
The raiju is severely wounded.
You constrict the raiju. The raiju bites you. The raiju shocks you!
You tentacle-slap the raiju but do no damage.
You squeeze the raiju.
The raiju is almost dead.
You constrict the raiju.
The raiju bursts into living lightning!
The living lightning hits you!!
* * * LOW HITPOINT WARNING * * *
The raiju blinks free!
The lightning spire shoots out a bolt of lightning at you!
The bolt of electricity hits you!
You die...
Your body crumbles into a pile of gold.

### ### ### ### ### ###
#8# #8# #8# #8# #8# #8#
########################
###≈......................
#8#.......................
###..###########...#######
#..#.#.@..##.#.8.#......
###..###h###8..#...#.##..^
#8#..#..###.##)#####..##.#
###..###.h..##$#...#...#.#
#.©#.#.#...8©#©.©#....©#
###..#...##.##=#...#...#.#
#8#..###....##.#####..##.#
###..##..##..#.#...#3##..^
#..#...##.##.#...#3.....


You could see a raiju and a lightning spire.

Vanquished Creatures
  A boulder beetle (D:11)
  A two-headed ogre (D:11)
  2 manticores (D:11)
  A cane toad (Lair:1)
  A merfolk (D:10)
  A troll (D:9)
  Prince Ribbit (D:7)
  2 wyverns (D:11)
  9 yaks
  A wraith (D:11)
  3 hogs (D:11)
  A steam dragon (D:9)
  Menkaure (D:6)
  Duvessa (D:7)
  2 acid dragons (D:10)
  A water moccasin (D:7)
  2 orc warriors
  A sky beast (D:7)
  5 black bears (D:11)
  A centaur (D:11)
  2 phantoms
  4 kobold brigands
  A gnoll sergeant (D:9)
  4 bullfrogs
  2 scorpions
  5 killer bees
  4 electric eels (D:11)
  A howler monkey (D:9)
  A jelly (D:6)
  6 orc priests
  2 hounds
  2 gnoll boudas (D:11)
  Jessica (D:3)
  2 iguanas
  A sleepcap (D:7)
  2 orc wizards
  8 mummies (Ossuary)
  10 gnolls
  5 adders
  2 shadow imps
  2 white imps
  An ufetubus (D:4)
  2 worms (D:4)
  7 orcs
  3 bats
  3 endoplasms
  A giant cockroach (D:2)
  10 hobgoblins
  4 jackals (D:3)
  7 quokkas
  9 ball pythons
  2 frilled lizards (D:3)
  2 gnoll zombies (Ossuary)
  5 goblins
  4 hobgoblin zombies (Ossuary)
  19 kobolds
  A kobold zombie (Ossuary)
  An orc zombie (Ossuary)
186 creatures vanquished.

Vanquished Creatures (collateral kills)
  Dowan (D:7)
  4 orcs
5 creatures vanquished.

Vanquished Creatures (others)
  4 killer bees
4 creatures vanquished.

Grand Total: 195 creatures vanquished

Notes
Turn   | Place    | Note
-------+----------+-------------------------------------------
     0 | D:1      | H0rd4k the Octopode Artificer began the quest for the Orb.
     0 | D:1      | Reached XP level 1. HP: 13/13 MP: 1/1
   437 | D:1      | Reached XP level 2. HP: 16/18 MP: 2/2
  1081 | D:2      | Identified the +2 cloak of the Vaults {-Tele Fly Str+2}
  1673 | D:2      | Reached XP level 3. HP: 23/23 MP: 3/3
  2008 | D:3      | Found a snail-covered altar of Cheibriados.
  2020 | D:3      | Noticed Jessica
  2031 | D:3      | Killed Jessica
  2032 | D:3      | Reached skill level 1 in Unarmed Combat
  2069 | D:3      | Found a runed translucent door.
  2069 | D:3      | Noticed Kelnin's ghost (amateur HOHu)
  2123 | D:3      | Reached XP level 4. HP: 28/28 MP: 4/4
  2468 | D:3      | Reached XP level 5. HP: 27/33 MP: 5/5
  2520 | D:3      | Found a burning altar of Makhleb.
  2847 | D:4      | Found a sand-covered staircase.
  2863 | Ossuary  | Entered an ossuary
  3165 | Ossuary  | Reached skill level 5 in Evocations
  3290 | Ossuary  | Reached XP level 6. HP: 20/38 MP: 6/6
  3977 | D:4      | Found a staircase to the Ecumenical Temple.
  3997 | Temple   | Entered the Ecumenical Temple
  4233 | D:4      | Found an iron altar of Okawaru.
  4632 | D:4      | Reached XP level 7. HP: 35/43 MP: 7/7
  4740 | D:5      | Entered Level 5 of the Dungeon
  5035 | D:5      | Reached skill level 5 in Unarmed Combat
  5133 | D:5      | HP: 2/43 [phantom (5)]
  6028 | D:6      | Noticed Menkaure
  6033 | D:6      | Killed Menkaure
  6034 | D:6      | Reached XP level 8. HP: 24/50 MP: 8/8
  6400 | D:7      | Found a blossoming altar of Fedhas.
  6419 | D:7      | Noticed Duvessa
  6419 | D:7      | Noticed Dowan
  6432 | D:7      | Killed Dowan
  6493 | D:7      | Noticed Prince Ribbit
  6524 | D:7      | Killed Prince Ribbit
  6525 | D:7      | Reached skill level 1 in Shields
  6540 | D:7      | Killed Duvessa
  6865 | D:7      | Found a runed translucent door.
  6866 | D:7      | Noticed Crazy Yiuf
  7055 | D:8      | Found an opulent altar of Gozag.
  7177 | D:8      | Became a worshipper of Gozag Ym Sagoz the Greedy
  7423 | D:8      | Found a hide-covered altar of Uskayaw.
  7543 | D:8      | Reached XP level 9. HP: 12/56 MP: 9/9
  7709 | D:7      | Identified a scroll of acquirement
  7719 | D:7      | Acquired a manual of Ice Magic
  7723 | D:7      | Learned a level 1 spell: Freeze
  7727 | D:7      | Learned a level 3 spell: Gell's Gravitas
  7731 | D:7      | Learned a level 3 spell: Frozen Ramparts
  7745 | D:8      | Reached skill level 1 in Ice Magic
  8045 | D:9      | Found a shimmering blue altar of Sif Muna.
  8052 | D:9      | Found a radiant altar of Vehumet.
  8140 | D:9      | Found a shadowy altar of Dithmenos.
  8174 | D:9      | Reached skill level 1 in Spellcasting
  8400 | D:9      | Noticed a troll
  8433 | D:9      | Killed a troll
  8447 | D:9      | Found a basalt altar of Yredelemnul.
  8909 | D:10     | Entered Level 10 of the Dungeon
  9202 | D:10     | Reached skill level 5 in Fighting
  9542 | D:10     | Noticed a merfolk
  9557 | D:10     | Killed a merfolk
  9558 | D:10     | Reached skill level 5 in Spellcasting
  9558 | D:10     | Reached XP level 10. HP: 68/68 MP: 16/18
 10151 | D:11     | Noticed a boulder beetle
 10154 | D:11     | Noticed a manticore
 10159 | D:11     | Noticed a two-headed ogre
 10173 | D:11     | Killed a two-headed ogre
 10344 | D:11     | Found a staircase to the Orcish Mines.
 10425 | D:11     | Found a staircase to the Lair.
 10568 | D:11     | Noticed a manticore
 11159 | D:11     | Found an ancient bone altar of Kikubaaqudgha.
 11279 | D:11     | Killed a manticore
 11545 | D:11     | Killed a manticore
 11546 | D:11     | Reached skill level 5 in Ice Magic
 11546 | D:11     | Reached XP level 11. HP: 52/77 MP: 22/22
 11626 | D:11     | Noticed Snorg
 12106 | D:11     | Reached skill level 1 in Throwing
 12329 | D:11     | Killed a boulder beetle
 12651 | D:11     | Noticed a two-headed ogre
 12690 | Lair:1   | Entered Level 1 of the Lair of Beasts
 12708 | Lair:1   | Found a gate leading to a gauntlet.
 12709 | Lair:1   | Noticed a catoblepas
 12722 | Gauntlet | Entered a Gauntlet
 12722 | Gauntlet | Found a transporter.
 12722 | Gauntlet | Found a transporter.
 12722 | Gauntlet | Found a transporter.
 12800 | Gauntlet | Found a transporter.
 12804 | Gauntlet | Found a transporter.
 12806 | Gauntlet | Noticed a sixfirhy
 12808 | Gauntlet | Noticed a sixfirhy
 12815 | Gauntlet | Noticed a sixfirhy
 12820 | Gauntlet | Found a transporter.
 12835 | Gauntlet | Found a transporter.
 12838 | Gauntlet | Noticed a wizard
 12841 | Gauntlet | Found a transporter.
 12849 | Gauntlet | Found a transporter.
 12852 | Gauntlet | Noticed a soul eater
 12867 | Gauntlet | Found a transporter.
 12875 | Gauntlet | Found a transporter.
 12893 | Gauntlet | Found a transporter.
 13108 | Gauntlet | HP: 2/78 [raiju/living lightning (25)]
 13108 | Gauntlet | Killed from afar by a lightning spire

Illustrated notes

Levels and vault maps discovered:
D:1:      lemuel_arrival_muddy, layout_basic
D:2:      layout_basic
D:3:      layout_basic, lightli_temple_of_fire, nicolae_overflow_crystal_walls,
          hellmonk_ghost_happy_afterlife, uniq_jessica
D:4:      layout_basic, okawaru_altar_gauntlet_db, minmay_temple_entry_trees,
          chequers_ossuary_entry_cave, serial_rivers,
          chequers_serial_rivers_micro_a, chequers_serial_rivers_micro_c,
          chequers_serial_rivers_micro_a, chequers_serial_rivers_large_a
D:5:      layout_loops_ring
D:6:      layout_loops_ring, minmay_checkerbox, uniq_menkaure
D:7:      layout_basic, mainiacjoe_overflow_brackets, uniq_prince_ribbit1,
          uniq_crazy_yiuf_cottage, uniq_duvessa
D:8:      layout_cave_pools, nicolae_uskayaw_murder_on_the_dancefloor,
          mainiacjoe_overflow_surrounded_room
D:9:      lemuel_ice_spiral_2, layout_rooms, amcnicky_altar_gilded,
          old_standard_altar, amethyst_overflow_temple_binary
D:10:     layout_stronghold, hangedman_fish_farm
D:11:     kennysheep_town, uniq_snorg
Temple:   hc_temple_tempest_star
Lair:1:   layout_gridlike, enter_volcano_1, gauntlet_entry_generic,
          ebering_ghost_xom, portal_ice_cave_demonic_guard, grunt_megastairs_3,
          uniq_grum
Gauntlet: gammafunk_gauntlet_shortcut [gammafunk_gauntlet_arena_crates,
          gammafunk_gauntlet_arena_split_x, gammafunk_gauntlet_arena_open,
          gammafunk_gauntlet_arena_hedges,
          gammafunk_gauntlet_arena_split_diamond, nicolae_gauntlet_swirl,
          gauntlet_exit_hidden_loot]

Skill      XL: |  1  2  3  4  5  6  7  8  9 10 11 |
---------------+----------------------------------+-----
Evocations     | 4 5 6 |  6.4
Dodging        | 3 4 |  4.8
Unarmed Combat | 1 3 4 6 8 |  8.3
Fighting       | 2 3 5 7 8 |  8.4
Shields        | 1 |  1.7
Ice Magic      | 2 5 6 |  6.1
Spellcasting   | 5 7 8 |  8.5
Throwing       | 2 |  2.4
Stealth        | |  1.3

Action                     |  1- 3 |  4- 6 |  7- 9 | 10-12 || total
---------------------------+-------+-------+-------+-------++-------
  Melee: Unarmed           |    63 |   146 |   218 |   174 ||   601
         Constrict         |    21 |    39 |    41 |    22 ||   123
         Tentacles         |    19 |    36 |    46 |    56 ||   157
         Punch             |       |     6 |    16 |    12 ||    34
  Throw: Dart              |       |       |       |    37 ||    37
         Throwing net      |       |       |       |     1 ||     1
   Cast: Frozen Ramparts   |       |       |       |     5 ||     5
 Invoke: Call Merchant     |       |       |       |     1 ||     1
  Evoke: Wand              |       |    11 |    34 |    10 ||    55
    Use: Scroll            |       |       |    11 |     4 ||    15
         Potion            |       |       |     4 |     1 ||     5
   Stab: Sleeping          |     7 |     5 |     3 |       ||    15
         Paralysed         |       |       |    43 |    12 ||    55
         Invisible         |       |       |       |     3 ||     3
 Armour: Skin              |     5 |     4 |     2 |    11 ||    22
  Dodge: Dodged            |    41 |    86 |    63 |    90 ||   280
  Block: Other             |       |       |    33 |    35 ||    68
         Reflection        |       |       |       |     4 ||     4
